 Dungeon Crawl Stone Soup version 0.22-a0-866-geee5034 (webtiles) character file.

28234 iamserjio the Covert (level 13, -1/86 HPs)
             Began as an Octopode Fighter on July 28, 2018.
             Was the Champion of Cheibriados.
             Slain by an eight-headed hydra (16 damage)
             ... on level 4 of the Lair of Beasts.
             The game lasted 01:02:21 (7342 turns).

iamserjio the Covert (Octopode Fighter)             Turns: 7342, Time: 01:02:22

Health: -1/86      AC:  1    Str: 30    XL:     13   Next: 37%
Magic:  14/19      EV: 26    Int: 29    God:    Cheibriados [******]
Gold:   338        SH: 20    Dex: 30    Spells: 11/17 levels left

rFire    . . .     SeeInvis .   w - +3 dagger (elec)
rCold    . . .     Gourm    +   b - +5 shield
rNeg     + . .     Faith    .   (helmet restricted)
rPois    .         Spirit   .   y - amulet of the gourmand
rElec    .         Reflect  .   E - +2 ring of dexterity
rCorr    .         Harm     .   g - +2 ring of evasion
MR       +....                  f - ring of protection from magic
Stlth    ++++++++..             x - ring of positive energy
HPRegen  0.24/turn              (no ring)
MPRegen  0.16/turn              (no ring)
                                (no ring)
                                (no ring)

@: very slow
A: almost no armour, stealthy swim, amphibious, 8 rings, constrict 8, camouflage
1, gelatinous body 1
a: Bend Time, Temporal Distortion, Slouch, Step From Time, Renounce Religion


You were on level 4 of the Lair of Beasts.
You worshipped Cheibriados.
Cheibriados was exalted by your worship.
You were not hungry.

You visited 3 branches of the dungeon, and saw 17 of its levels.

You collected 738 gold pieces.
You spent 400 gold pieces at shops.

Inventory:

Hand Weapons
 a - a +0 long sword
 c - a +1 falchion
 w - a +3 dagger of electrocution (weapon)
 A - a +0 blowgun
 O - a +0 short sword of electrocution
Missiles
 p - 35 arrows
 r - 7 needles of sleeping {!f}
 B - 4 curare-tipped needles {!f}
 F - 3 throwing nets (quivered) {!f}
Armour
 b - a +5 shield (worn)
Magical Staves
 V - an uncursed staff of cold
Jewellery
 e - an uncursed ring of fire
 f - a ring of protection from magic (on tentacle)
 g - a +2 ring of evasion (right tentacle)
 x - a ring of positive energy (on tentacle)
 y - an amulet of the gourmand (around mantle)
 E - a +2 ring of dexterity (left tentacle)
Wands
 I - a wand of flame (8)
 X - a wand of clouds (1)
Scrolls
 h - a scroll of fear {unknown}
 l - 3 scrolls of remove curse {@r2}
 n - 4 scrolls of teleportation
 u - 4 scrolls of magic mapping
 v - 3 scrolls of amnesia
 C - a scroll of enchant armour
 D - 3 scrolls of immolation
 H - a scroll of identify {@r1}
 L - 2 scrolls of vulnerability
 U - 2 scrolls of enchant weapon
 W - 2 scrolls of blinking
Potions
 i - 6 potions of flight
 j - 2 potions of curing {@q1}
 k - a potion of resistance
 m - 2 potions of haste
 o - 3 potions of heal wounds
 q - 3 potions of might
 s - 2 potions of cancellation {unknown}
 t - 3 potions of brilliance
 z - 2 potions of agility
 G - a potion of ambrosia {unknown}
 N - a potion of invisibility {unknown}
 S - 2 potions of lignification
 Z - a potion of mutation {unknown}
Miscellaneous
 T - a fan of gales
Comestibles
 d - 23 rations


   Skills:
 - Level 7.0 Fighting
 + Level 9.0 Long Blades
 - Level 10.0 Dodging
 * Level 14.0 Stealth
 + Level 11.3 Shields
 + Level 2.6 Spellcasting
 - Level 9.0 Invocations


You had 11 spell levels left.
You knew the following spells:

 Your Spells              Type           Power        Failure   Level  Hunger
a - Conjure Flame         Conj/Fire      #.......     36%         3    ###....
b - Inner Flame           Hex/Fire       #.......     36%         3    ###....

Your spell library contained the following spells:

 Spells                   Type           Power        Failure   Level  Hunger
 Fireball                 Conj/Fire      #.........   98%         5    ######.
 Confuse                  Hex            #.......     36%         3    ###....
 Throw Flame              Conj/Fire      #.....       19%         2    ##.....
 Mephitic Cloud           Conj/Pois/Air  #.......     36%         3    ###....
 Venom Bolt               Conj/Pois      #.........   98%         5    ######.
 Olgreb's Toxic Radiance  Pois           #.......     77%         4    ####...
 Sticky Flame             Conj/Fire      #.......     77%         4    ####...
 Sting                    Conj/Pois      #...         13%         1    None
 Confusing Touch          Hex            #.....       13%         1    None
 Flame Tongue             Conj/Fire      #....        13%         1    None
 Metabolic Englaciation   Hex/Ice        #.........   98%         5    ######.
 Petrify                  Tmut/Erth      #.......     77%         4    ####...
 Gell's Gravitas          Tloc           #.........   36%         3    ###....
 Yara's Violent Unravell  Hex/Tmut       #.........   98%         5    ######.
 Poisonous Vapours        Pois/Air       #.....       19%         2    ##.....


Dungeon Overview and Level Annotations

Branches:
Dungeon (12/15)            Temple (1/1) D:4            Lair (4/6) D:8
 Spider (0/4) Lair:2          Orc (0/2) D:10
  Swamp: Lair:2-4    Shoals: Lair:2-4

Altars:
Ashenzari
Cheibriados
Dithmenos
Elyvilon
Fedhas
Gozag
Hepliaklqana
Kikubaaqudgha
Makhleb
Nemelex Xobeh
Okawaru
Qazlal
Ru
Sif Muna
Trog
Uskayaw
Vehumet
Wu Jian
Xom
Yredelemnul
Zin
The Shining One
Beogh

Shops:
D:8 !   D:10 :

Annotations:
D:8 2 transporters, Torious's ghost, novice DECj
D:10 1 runed door, Scuka's ghost, journeyman DrTm


Innate Abilities, Weirdness & Mutations

You cannot wear most types of armour.
You are very stealthy in the water. (Stealth+)
You are amphibious.
You can wear up to eight rings at the same time.
You can use your tentacles to constrict eight enemies at once.
Your skin changes colour to match your surroundings (Stealth+).
Your rubbery body absorbs attacks. (AC +1, EV +1)


Message History

You block the eight-headed hydra's attack. x3
The eight-headed hydra misses you.
You hit the eight-headed hydra.
Your squeeze misses the eight-headed hydra.
The eight-headed hydra is severely wounded.
The eight-headed hydra bites you! The eight-headed hydra bites you.
You block the eight-headed hydra's attack. x3
The eight-headed hydra bites you!
You block the eight-headed hydra's attack.
The eight-headed hydra bites you!
* * * LOW HITPOINT WARNING * * *
You can feel time thicken for a moment.
You feel somewhat more hungry.
You block the eight-headed hydra's attack.
The eight-headed hydra bites you!
* * * LOW HITPOINT WARNING * * *
The eight-headed hydra completely misses you.
You block the eight-headed hydra's attack.
The eight-headed hydra closely misses you.
The eight-headed hydra misses you. x2; The eight-headed hydra bites you!
You die...

## #.#..##.. # ###.
######.#....### ...
#.#...#......#.
..####......#...†..
#..##....#......#..
##......#.......#§. .
#........P...#P....
..#..#...........###.(.
....##@...........##...
......D...........(##F.#
..#.....................
........†...............
............#...........
........................
....P....P..............
#......(.P...#...#......
.F..........#...#......


You could see an eight-headed hydra.

Vanquished Creatures
  Kirke (D:12)
  A hydra (Lair:2)
  2 two-headed ogres
  Nergalle (D:12)
  Pikel (D:6)
  A cyclops (D:11)
  2 black mambas
  Maurice (D:12)
  Psyche (D:11)
  A gargoyle (D:11)
  7 spiny frogs
  5 komodo dragons
  4 trolls
  A polar bear (Lair:2)
  4 blink frogs (Lair:4)
  A meliai zombie (D:10)
  Grinder (D:3)
  6 hippogriffs
  3 hogs (D:12)
  A shadow (D:11)
  30 yaks
  A vampire (D:12)
  A human (D:12)
  2 hungry ghosts
  A soldier ant (D:11)
  5 water moccasins
  A porcupine (Lair:2)
  2 sky beasts
  2 eyes of draining
  6 orc warriors
  2 black bears
  3 ice beasts
  A necrophage (D:5)
  3 phantoms
  4 ogres
  9 wolves (Lair:3)
  2 centaurs
  5 crocodiles
  A big kobold (D:9)
  13 bullfrogs
  A gnoll sergeant (D:8)
  2 wyvern skeletons
  A troll zombie (D:10)
  19 wights
  4 scorpions
  14 killer bees
  8 howler monkeys
  6 crimson imps
  3 centaur zombies
  A jelly (D:11)
  3 bullfrog zombies
  An iron imp (D:5)
  15 orc priests
  4 centaur skeletons
  8 hounds
  5 iguanas
  A bullfrog skeleton (D:4)
  7 orc wizards
  16 worker ants
  7 ogre zombies (D:10)
  A howler monkey zombie (D:6)
  A worker ant zombie (D:5)
  8 gnolls
  8 adders
  3 shadow imps
  3 adder zombies
  A worm (D:2)
  2 dart slugs
  4 leopard geckos
  57 orcs
  7 bats
  5 giant cockroaches
  3 hobgoblins
  10 jackals
  2 quokkas
  2 ball pythons
  7 frilled lizards
  5 goblins
  2 goblin skeletons
  7 goblin zombies (D:10)
  A hobgoblin skeleton (D:10)
  6 hobgoblin zombies
  A jackal zombie (D:8)
  10 kobolds
  A kobold skeleton (D:5)
  2 orc skeletons (D:10)
  11 orc zombies (D:10)
  4 rats
439 creatures vanquished.

Vanquished Creatures (collateral kills)
  A wolf spider (Lair:2)
1 creature vanquished.

Vanquished Creatures (others)
  A slave (D:6)
  A black bear (D:6)
  An iguana (D:6)
  3 adders (D:6)
  3 fungi
  3 plants
12 creatures vanquished.

Grand Total: 452 creatures vanquished

Notes
Turn   | Place    | Note
-------+----------+-------------------------------------------
     0 | D:1      | iamserjio the Octopode Fighter began the quest for the Orb.
     0 | D:1      | Reached XP level 1. HP: 16/16 MP: 1/1
   113 | D:1      | Reached skill level 1 in Stealth
   120 | D:1      | Reached XP level 2. HP: 19/21 MP: 2/2
   243 | D:2      | Reached skill level 2 in Stealth
   245 | D:2      | Found a faded altar of an unknown god.
   280 | D:2      | Reached XP level 3. HP: 26/26 MP: 3/3
   498 | D:1      | Reached skill level 3 in Stealth
   722 | D:2      | Reached XP level 4. HP: 25/31 MP: 4/4
  1044 | D:3      | Noticed Grinder
  1058 | D:3      | Killed Grinder
  1058 | D:3      | Reached skill level 5 in Stealth
  1058 | D:3      | Reached XP level 5. HP: 8/36 MP: 5/5
  1058 | D:3      | Reached XP level 6. HP: 10/42 MP: 6/6
  1138 | D:4      | Found a staircase to the Ecumenical Temple.
  1147 | Temple   | Entered the Ecumenical Temple
  1199 | Temple   | Became a worshipper of Cheibriados the Contemplative
  1237 | Temple   | Reached skill level 5 in Shields
  1383 | D:4      | Reached skill level 6 in Stealth
  1383 | D:4      | Reached XP level 7. HP: 40/46 MP: 7/7
  1533 | D:4      | Found an opulent altar of Gozag.
  1536 | D:4      | Found a shadowy altar of Dithmenos.
  1633 | D:5      | Entered Level 5 of the Dungeon
  1743 | D:5      | Reached * piety under Cheibriados
  1817 | D:6      | Noticed Pikel
  1826 | D:6      | Killed Pikel
  1826 | D:6      | Reached skill level 8 in Stealth
  1826 | D:6      | Reached XP level 8. HP: 15/54 MP: 8/8
  2004 | D:6      | Reached skill level 5 in Long Blades
  2118 | D:5      | Reached XP level 9. HP: 52/60 MP: 9/9
  2217 | D:5      | Found a glowing golden altar of the Shining One.
  2222 | D:5      | Reached ** piety under Cheibriados
  2233 | D:5      | Reached skill level 5 in Fighting
  2617 | D:6      | Reached skill level 9 in Stealth
  2777 | D:7      | Reached *** piety under Cheibriados
  2854 | D:7      | Found a blossoming altar of Fedhas.
  2855 | D:7      | Found a white marble altar of Elyvilon.
  2893 | D:7      | Found a roughly hewn altar of Beogh.
  3227 | D:8      | Reached XP level 10. HP: 34/68 MP: 10/10
  3228 | D:8      | Reached **** piety under Cheibriados
  3228 | D:8      | Reached skill level 10 in Stealth
  3312 | D:8      | Found a staircase to the Lair.
  3314 | D:8      | Found Orialaik's Distillery.
  3385 | D:8      | Noticed a two-headed ogre
  3401 | D:8      | Killed a two-headed ogre
  3485 | D:8      | Learned a level 3 spell: Conjure Flame
  3489 | D:8      | Learned a level 3 spell: Inner Flame
  3548 | D:8      | Found a transporter.
  3548 | D:8      | Noticed Torious's ghost (novice DECj)
  3567 | D:8      | Found a transporter.
  3791 | D:8      | Bought a potion of heal wounds for 80 gold pieces
  3791 | D:8      | Bought a potion of curing for 48 gold pieces
  3791 | D:8      | Bought a potion of heal wounds for 80 gold pieces
  3791 | D:8      | Bought a potion of heal wounds for 80 gold pieces
  3791 | D:8      | Bought a potion of degeneration for 16 gold pieces
  3791 | D:8      | Bought 2 potions of curing for 96 gold pieces
  3823 | D:9      | Reached skill level 10 in Shields
  3827 | D:9      | Reached skill level 5 in Dodging
  3952 | D:9      | Reached ***** piety under Cheibriados
  3962 | D:9      | Reached skill level 1 in Invocations
  4061 | D:9      | Reached skill level 11 in Stealth
  4218 | D:9      | Reached XP level 11. HP: 74/75 MP: 12/12
  4259 | D:9      | Noticed a two-headed ogre
  4283 | D:9      | Killed a two-headed ogre
  4514 | D:10     | Entered Level 10 of the Dungeon
  4523 | D:10     | Found a runed door.
  4524 | D:10     | Noticed Scuka's ghost (journeyman DrTm)
  4533 | D:10     | Found a staircase to the Orcish Mines.
  4962 | D:10     | Found Jyppaoss's Book Shoppe.
  5003 | D:10     | Reached ****** piety under Cheibriados
  5226 | D:11     | Noticed a cyclops
  5241 | D:11     | Killed a cyclops
  5350 | D:11     | Noticed Psyche
  5352 | D:11     | Reached skill level 12 in Stealth
  5358 | D:11     | Killed Psyche
  5397 | D:11     | Reached skill level 5 in Invocations
  5736 | D:12     | Reached XP level 12. HP: 48/81 MP: 17/17
  5781 | D:12     | Noticed Nergalle
  5784 | D:12     | Killed Nergalle
  5872 | D:12     | Noticed Kirke
  5936 | D:12     | Noticed a sphinx
  5940 | D:12     | Noticed a sphinx
  5941 | D:12     | Killed Kirke
  5970 | D:12     | Noticed Maurice
  5977 | D:12     | Killed Maurice
  6166 | Lair:1   | Entered Level 1 of the Lair of Beasts
  6415 | Lair:2   | Reached skill level 10 in Dodging
  6557 | Lair:2   | Found a hole to the Spider Nest.
  6744 | Lair:2   | Noticed a five-headed hydra
  6752 | Lair:2   | Killed a five-headed hydra
  6752 | Lair:2   | Reached skill level 13 in Stealth
  6752 | Lair:2   | Reached XP level 13. HP: 86/86 MP: 19/19
  6759 | Lair:2   | Reached skill level 1 in Spellcasting
  7324 | Lair:4   | Reached skill level 14 in Stealth
  7342 | Lair:4   | Slain by an eight-headed hydra

Vault maps used:
D:1:      dpeg_arrival_chambers_temple_mockup
D:2:      chequers_ecumenical_altar_simple_redux
D:3:      first_ration, uniq_grinder
D:4:      chequers_temple_overflow_statue_of_worship,
          minmay_temple_entry_junction
D:5:      nicolae_tso_besieged_by_evil
D:6:      uniq_pikel
D:7:      gammafunk_temple_overflow_pools, the_bakery, david_defended_altar_orc
D:8:      david_lair_shrubbed, serial_shops, shop, gammafunk_ghost_mausoleum,
          zaba_anthole, minmay_misc_feat_rows
D:9:      minmay_misc_feat_five, kennysheep_pointless_box
D:10:     zombieorc2_lemuel, hellmonk_ghost_happy_afterlife, serial_shops, shop,
          grunt_gozag_breadcrumbs
D:11:     fungi_pond_lemuel, uniq_psyche
D:12:     uniq_maurice, uniq_nergalle, uniq_kirke
Temple:   compressed_dpeg_circular_temple
Lair:2:   spider_nest_entry_rubble, uniq_urug
Lair:3:   nicolae_swamp_entry_splash_gauntlet, kennysheep_catoblepas_arena
Lair:4:   lightli_volcano_entry_magma_tube

Skill      XL: |  1  2  3  4  5  6  7  8  9 10 11 12 13 |
---------------+----------------------------------------+-----
Stealth        | 1 2 3 5 6 8 9 11 12 13 14 | 14.0
Long Blades    | 3 4 5 6 8 9 |  9.0
Shields        | 4 5 6 7 9 10 11 | 11.3
Fighting       | 4 6 7 |  7.0
Dodging        | 5 8 10 | 10.0
Invocations    | 2 6 8 9 |  9.0
Spellcasting   | 2 |  2.6

Action                   |  1- 3 |  4- 6 |  7- 9 | 10-12 | 13-15 || total
-------------------------+-------+-------+-------+-------+-------++-------
Melee: Short sword       |    76 |    49 |     5 |       |       ||   130
       Long sword        |     4 |    14 |    20 |       |       ||    38
       Constrict         |    18 |    21 |    48 |    81 |    16 ||   184
       Tentacles         |    11 |     9 |    54 |   219 |    39 ||   332
       Dagger            |       |       |   183 |   568 |   113 ||   864
 Fire: Blowgun           |       |       |     8 |    13 |       ||    21
Invok: Bend Time         |       |       |       |     5 |       ||     5
       Slouch            |       |       |       |       |     1 ||     1
Evoke: Wand              |       |       |     4 |     9 |     4 ||    17
       Sack of spiders   |       |       |       |     1 |       ||     1
  Use: Potion            |       |     3 |     4 |    10 |       ||    17
       Scroll            |       |     9 |     2 |    11 |       ||    22
 Stab: Sleeping          |     5 |     9 |    13 |    49 |     6 ||    82
       Distracted        |       |     1 |     2 |     5 |     2 ||    10
       Confused          |       |       |       |     5 |       ||     5
  Eat: Chunk             |       |     2 |    12 |     9 |       ||    23
Armor: Skin              |     5 |     3 |     4 |    17 |     9 ||    38
Dodge: Dodged            |    50 |    25 |    55 |   180 |    46 ||   356
Block: Shield            |    30 |    38 |    94 |   396 |   133 ||   691
       Rpst.: Long sword |       |     2 |     1 |       |       ||     3

Table legend:
 A = Spawn XP
 B = Non-spawn XP
 C = Spawn XP percentage of total XP
 D = Spawn monster count
 E = Non-spawn monster count
 F = Spawn count percentage of total count
 G = Total turns spent on level
                    A         B        C        D         E        F      G
               +---------+---------+-------+---------+---------+-------+---------
         Total |       0 |   40335 |   0.0 |       0 |     439 |   0.0 |  7342
               +---------+---------+-------+---------+---------+-------+---------
           D:1 |       0 |      29 |   0.0 |       0 |      17 |   0.0 |   384
           D:2 |       0 |      56 |   0.0 |       0 |      17 |   0.0 |   399
           D:3 |       0 |     296 |   0.0 |       0 |      17 |   0.0 |   345
           D:4 |       0 |     312 |   0.0 |       0 |       9 |   0.0 |   455
           D:5 |       0 |     659 |   0.0 |       0 |      27 |   0.0 |   519
           D:6 |       0 |    1947 |   0.0 |       0 |      25 |   0.0 |   541
           D:7 |       0 |     696 |   0.0 |       0 |      16 |   0.0 |   397
           D:8 |       0 |    3400 |   0.0 |       0 |      47 |   0.0 |   715
           D:9 |       0 |    2810 |   0.0 |       0 |      47 |   0.0 |   756
          D:10 |       0 |    3139 |   0.0 |       0 |      75 |   0.0 |   679
          D:11 |       0 |    4306 |   0.0 |       0 |      40 |   0.0 |   521
          D:12 |       0 |    6847 |   0.0 |       0 |      28 |   0.0 |   360
        Temple |       0 |      56 |   0.0 |       0 |       4 |   0.0 |    95
        Lair:1 |       0 |    2557 |   0.0 |       0 |      12 |   0.0 |   208
        Lair:2 |       0 |    6520 |   0.0 |       0 |      25 |   0.0 |   506
        Lair:3 |       0 |    4667 |   0.0 |       0 |      22 |   0.0 |   379
        Lair:4 |       0 |    2038 |   0.0 |       0 |      11 |   0.0 |    83
               +---------+---------+-------+---------+---------+-------+---------
